 Dungeon Crawl Stone Soup version 0.29.0-5-ge4962eb29e (webtiles) character file.

Game seed: 5810762537412222312

35 gelatine the Firebug (level 3, 0/25 HPs)
             Began as a Demonspawn Fire Elementalist on Aug 28, 2022.
             Slain by a quokka (5 damage)
             ... on level 2 of the Dungeon.
             The game lasted 00:03:18 (1455 turns).

gelatine the Firebug (Demonspawn Fire Elementalist) Turns: 1455, Time: 00:03:19

Health: 0/25       AC:  2    Str:  7    XL:     3   Next: 16%
Magic:  6/6        EV: 12    Int: 22    God:
Gold:   37         SH:  0    Dex: 12    Spells: 5/6 levels left

rFire   . . .      SeeInvis .   g - +0 short sword
rCold   . . .      Faith    .   (no shield)
rNeg    . . .      Spirit   .   a - +0 robe
rPois   .          Reflect  .   (helmet restricted)
rElec   .          Harm     .   (no cloak)
rCorr   .          Rampage  .   (no gloves)
Will    +....                   (no boots)
Stlth   ++........              (no amulet)
HPRegen 0.08/turn               (no ring)
MPRegen 0.10/turn               (no ring)

@: no status effects
A: powered by death 2, horns 1, clever 1, strong-willed 1
a: no special abilities


You were on level 2 of the Dungeon.
You visited 1 branch of the dungeon, and saw 2 of its levels.

You collected 37 gold pieces.

Inventory:

Hand Weapons
 g - a +0 short sword (weapon)
Armour
 a - a +0 robe (worn)
 h - a +2 helmet
Magical Staves
 c - a staff of air
Scrolls
 d - a scroll of noise {unknown}
 e - a scroll of enchant armour {unknown}
 i - a scroll of identify {unknown}
 j - 2 scrolls of butterflies {unknown}
 l - a scroll of teleportation {unknown}
Potions
 b - a potion of magic
 k - a potion of might {unknown}


   Skills:
 + Level 0.3 Fighting
 + Level 0.1 Short Blades
 + Level 1.9 Dodging
 + Level 1.8 Stealth
 + Level 2.3 Spellcasting
 + Level 1.2 Conjurations
 + Level 3.4 Fire Magic


You had 5 spell levels left.
You knew the following spells:

 Your Spells              Type           Power      Damage    Failure   Level
a - Foxfire               Conj/Fire      48%        2x1d6     5%          1

Your spell library contained the following spells:

 Spells                   Type           Power      Damage    Failure   Level
 Scorch                   Fire           34%        2d7       4%          2
 Conjure Flame            Conj/Fire      12%        6-21      16%         3
 Inner Flame              Hex/Fire       10%        N/A       21%         3
 Flame Wave               Conj/Fire      12%        2d6       45%         4


Dungeon Overview and Level Annotations

Branches:
Dungeon (2/15)

Altars:


Innate Abilities, Weirdness & Mutations

You regenerate health from kills.
You have a pair of small horns on your head.
Your mind is acute. (Int +4, Str/Dex -1)
You are strong-willed. (Will+)


Message History

You barely miss the quokka. The quokka bites you.
A kobold comes into view. It is wielding a +0 dagger.
The quokka bites you but does no damage.
You hit the quokka but do no damage. The quokka closely misses you.
Your magical contamination has completely faded away.
You hit the quokka.
The quokka is moderately wounded.
The quokka barely misses you.
You hit the quokka but do no damage.
The quokka is moderately wounded.
The quokka bites you. The kobold hits you but does no damage.
The quokka closely misses you. The kobold hits you but does no damage.
You hit the quokka.
The quokka is almost dead.
The quokka closely misses you. The kobold misses you.
You closely miss the quokka.
The quokka is almost dead.
The quokka bites you but does no damage.
The kobold hits you with a +0 dagger.
You barely miss the quokka.
The quokka is almost dead.
The quokka barely misses you. The kobold closely misses you.
The quokka closely misses you.
You completely miss the quokka.
The quokka is almost dead.
The quokka misses you. The kobold closely misses you.
You miss the quokka.
The quokka is severely wounded.
The quokka bites you. The kobold hits you but does no damage.
You barely miss the quokka.
The quokka is severely wounded.
The quokka bites you.
* * * LOW HITPOINT WARNING * * *
The kobold barely misses you. The quokka closely misses you.
It was a potion of mutation.
You feel extremely strange. A pair of horns grows on your head!
Your +2 helmet falls away!
You feel clever.
You feel strong-willed. The kobold misses you. The quokka bites you.
You die...

#. #.#####
#. #.# #.#
#.# ..##
#.# ..# #.#
#.# #.#
#.######.#
##K.......#
#@#########
#..r## ####


You could see a quokka and a kobold.

Vanquished Creatures
  A worm (D:2)
  An endoplasm (D:2)
  3 giant cockroaches
  2 goblins (D:1)
  7 hobgoblins
  5 bats
  A frilled lizard (D:1)
  2 kobolds
  8 rats
30 creatures vanquished.

Vanquished Creatures (others)
  64 foxfires
64 creatures vanquished.

Grand Total: 94 creatures vanquished

Notes
Turn   | Place    | Note
-------+----------+-------------------------------------------
     0 | D:1      | gelatine the Demonspawn Fire Elementalist began the quest
                  | for the Orb.
     0 | D:1      | Reached XP level 1. HP: 13/13 MP: 3/3
   149 | D:1      | Reached skill level 3 in Fire Magic
   244 | D:1      | Gained mutation: You regenerate a little health from kills.
                  | [demonic ancestry]
   244 | D:1      | Reached XP level 2. HP: 19/19 MP: 1/5
  1279 | D:2      | Gained mutation: You regenerate health from kills. [demonic
                  | ancestry]
  1279 | D:2      | Reached XP level 3. HP: 24/24 MP: 1/6
  1455 | D:2      | Gained mutation: You have a pair of small horns on your
                  | head. [potion of mutation]
  1455 | D:2      | Gained mutation: Your mind is acute. (Int +4, Str/Dex -1)
                  | [potion of mutation]
  1455 | D:2      | Gained mutation: You are strong-willed. (Will+) [potion of
                  | mutation]
  1455 | D:2      | Slain by a quokka

Illustrated notes

Levels and vault maps discovered:
D:1:      evilmike_arrival_hilbert_curve, layout_loops_ring,
          serial_bayou_pond_b, st_stairs_4
D:2:      layout_loops_corners, basic_altar, uniq_jessica

Skill      XL: |  1 |
---------------+----+-----
Fire Magic     | 3 |  3.4
Fighting       | |  0.3
Short Blades   | |  0.1
Dodging        | |  1.9
Stealth        | |  1.8
Spellcasting   | |  2.3
Conjurations   | |  1.2

Action                   || total
-------------------------++-------
Melee: Short sword       ||    39
       Punch             ||     1
 Cast: Foxfire           ||    46
  Use: Potion            ||     1
Armor: Robe              ||    12
Dodge: Dodged            ||    34
